 Dungeon Crawl Stone Soup version 0.30.0-5-g1a98f26d00 (webtiles) character file.

Game seed: 8519766896219783498

211 qeuew the Covered (level 5, -6/29 HPs)
             Began as a Gargoyle Fighter on May 12, 2023.
             Killed from afar by Natasha (9 damage)
             ... with a bolt of light
             ... on level 3 of the Dungeon.
             The game lasted 00:02:53 (1914 turns).

qeuew the Covered (Gargoyle Fighter)                Turns: 1914, Time: 00:02:54

Health: -6/29      AC: 13    Str: 22    XL:     5   Next: 88%
Magic:  6/6        EV: 10    Int: 12    God:
Gold:   123        SH:  4    Dex: 10    Spells: 6/6 levels left

rFire   . . .        a - +0 flail
rCold   . . .        c - +0 buckler
rNeg    + . .        g - +3 ring mail of Disguise {Str+3}
rPois   ∞            (no helmet)
rElec   +            (no cloak)
rCorr   .            (no gloves)
SInv    .            (no boots)
Will    .....        (no amulet) Stlth
                     (no ring)
HPRegen 0.24/turn    (no ring)
MPRegen 0.10/turn

%: clarity
@: no status effects
A: sickness immunity, AC +4, negative energy resistance 1, electricity
resistance, torment resistance 1, petrification resistance, clarity, clever 1,
frail 1
a: no special abilities


You were on level 3 of the Dungeon.
You visited 1 branch of the dungeon, and saw 3 of its levels.

You collected 123 gold pieces.

Inventory:

Hand Weapons
 a - a +0 flail (weapon)
Armour
 c - a +0 buckler (worn)
 g - the +3 ring mail of Disguise (worn) {Str+3}
   (You found it on level 2 of the Dungeon)

   Str:       It affects your strength (+3).
Jewellery
 h - a +6 ring of intelligence
Scrolls
 b - a scroll of magic mapping
 e - a scroll of silence
 f - 4 scrolls of teleportation {unknown}
 k - 6 scrolls of identify
Potions
 i - a potion of flight {unknown}
 j - a potion of haste {unknown}


   Skills:
 + Level 4.0 Fighting
 * Level 3.5 Maces & Flails
 * Level 4.7 Armour
 + Level 4.1 Shields
 + Level 1.2 Spellcasting


You had 6 spell levels left.
You didn't know any spells.
Your spell library was empty.

Dungeon Overview and Level Annotations

Branches:
Dungeon (3/15)

Altars:

Annotations:
D:3 Natasha


Innate Abilities, Weirdness & Mutations

You are immune to sickness and miasma.
Your stone body is resilient. (AC +4)
You are immune to poison.
You resist negative energy. (rN+)
You are resistant to electric shocks. (rElec)
You are resistant to unholy torment.
You are immune to petrification.
You possess an exceptional clarity of mind.
Your mind is acute. (Int +4, Str/Dex -1)
You are frail. (-10% HP)


Message History

Ouch! That really hurt!
You are too injured to fight recklessly!
You are too injured to fight recklessly!
You are too injured to fight recklessly!
You are too injured to fight recklessly!
You are too injured to fight recklessly!
You are too injured to fight recklessly!
You are too injured to fight recklessly!
You are too injured to fight recklessly!
You are too injured to fight recklessly!
You are too injured to fight recklessly!
Unknown command.
You thump Natasha!
Natasha is heavily wounded.
Natasha mumbles some strange words.
Natasha zaps a wand.
The bolt of light hits you!
* * * LOW HITPOINT WARNING * * *
You hit Natasha.
Natasha is severely wounded.
Natasha barely misses you.
The cerulean imp hits you with a +2 spear.
* * * LOW HITPOINT WARNING * * *
Unknown command.
Okay, then.
You barely miss Natasha.
Natasha is severely wounded.
You block Natasha's attack. The cerulean imp barely misses you.
You barely miss Natasha.
Natasha is severely wounded.
Natasha barely misses you.
The cerulean imp hits you but does no damage.
Unknown command.
You hit Natasha.
Natasha is almost dead.
Natasha casts a spell at you. The magic dart hits you.
* * * LOW HITPOINT WARNING * * *
The cerulean imp closely misses you.
Natasha zaps a wand.
The bolt of light hits you!
You die...

#....# #....# #....#### ##
### ......... .. ..#
#....### ##. #.# #....#
###..# #.#
#....#######....###.######
...............5.........#
##..#######.....@##.####.#
................h##.#
....(............##.####
#.............<......(.#
.................##.##.....
.................##.# ###.
.................##.#
#................##.#
#.............#####.#


You could see Natasha and a cerulean imp (summoned).

Vanquished Creatures
  A scorpion (D:3)
  Natasha (D:3)
  5 adders (D:2)
  3 worms (D:2)
  4 dart slugs
  2 orcs (D:3)
  7 bats
  5 endoplasms
  4 giant cockroaches
  10 goblins
  6 hobgoblins
  3 jackals (D:2)
  2 quokkas
  A ball python (D:1)
  3 frilled lizards
  3 kobolds
  3 rats
63 creatures vanquished.

Notes
Turn   | Place    | Note
-------+----------+-------------------------------------------
     0 | D:1      | qeuew the Gargoyle Fighter began the quest for the Orb.
     0 | D:1      | Reached XP level 1. HP: 14/14 MP: 1/1
   133 | D:1      | Reached XP level 2. HP: 19/19 MP: 2/2
   449 | D:1      | Reached XP level 3. HP: 23/23 MP: 3/3
   744 | D:1      | Gained mutation: Your mind is acute. (Int +4, Str/Dex -1)
                  | [potion of mutation]
   744 | D:1      | Gained mutation: You are frail. (-10% HP) [potion of
                  | mutation]
   744 | D:1      | Gained mutation: You possess an exceptional clarity of
                  | mind. [potion of mutation]
   887 | D:2      | Reached XP level 4. HP: 26/26 MP: 4/4
  1011 | D:2      | Identified the +3 ring mail of Disguise {Str+3}
  1604 | D:3      | Reached XP level 5. HP: 29/29 MP: 6/6
  1660 | D:3      | Reached skill level 1 in Spellcasting
  1783 | D:3      | Noticed Natasha
  1796 | D:3      | Killed Natasha
  1905 | D:3      | Noticed Natasha
  1914 | D:3      | Killed from afar by Natasha

Illustrated notes

Levels and vault maps discovered:
D:1:      psy_arrival_basics, layout_loops_ring
D:2:      minmay_angry_zag, layout_basic, feat_on_display
D:3:      layout_rooms, uniq_natasha

Skill      XL: |  1  2  3  4  5 |
---------------+----------------+-----
Armour         | 4 |  4.7
Maces & Flails | 3 |  3.5
Fighting       | 4 |  4.0
Shields        | 4 |  4.1
Spellcasting   | 1 |  1.2

Action                     |  1- 3 |  4- 6 || total
---------------------------+-------+-------++-------
  Melee: Flail             |   104 |   108 ||   212
    Use: Scroll            |     3 |     3 ||     6
         Potion            |     1 |     1 ||     2
 Armour: Scale mail        |    88 |     6 ||    94
         Ring mail         |       |    42 ||    42
  Dodge: Dodged            |    64 |    52 ||   116
  Block: Buckler           |    35 |    35 ||    70
